engelson, lawful male human Caveman ------ ----------- |....| ------ -------------- |(.....%..| #...{..# |.`..| |............| #-.........| #|)...|# #-.....# #-............| #|..........#######|....|# #|....|# #|............| #|.........| #------# #------# #----------.-.- #-----+----- ############## # ## * ### ### ###### # # # # # # # # # # # # # ## o ## # # # # # ----.----@ ----.-----# # # # ------# |.......|d |........|# # # # ----------- |....|# |........#) |........|`###########)##### +.........| |.>...# |......%)### |.........# #-----# # |.........| |....| .........# ## |.<......|# #|.%.|# ##-.........| ------ #|.......| # ----------# #....| ----------- --------- ############## |...| -.--- # engelson the Aborigine Experience level: 4 Strength: 18/05 Dexterity: 13 Constitution: 14 Intelligence: 8 Wisdom: 9 Charisma: 8 Health: 0(32) Energy: 15(15) Def: 3 Gold: 262 Moves: 1974 Dungeon seed: 4kRCYyrpn2mnA4zW Game ID: engelson_1501613575 Your Inventory: Coins $ - 262 gold pieces Weapons a - a blessed +1 club (weapon in hand) b - a +2 sling (alternate weapon; not wielded) h - a blessed +1 orcish dagger l - a +0 dagger Armor q - an uncursed +0 leather armor (being worn) y - an uncursed +0 orcish helm (being worn) Comestibles d - 2 uncursed lichen corpses i - 3 uncursed food rations s - an uncursed partly eaten food ration Scrolls o - an uncursed scroll of light Potions g - an uncursed potion of restore ability j - an uncursed potion of gain ability p - an uncursed potion of oil Rings t - a cursed -2 ring of increase damage Tools k - 2 uncursed tallow candles (0:200) u - an uncursed lock pick Gems e - 15 uncursed flint stones (in quiver) n - 28 uncursed rocks r - 2 uncursed worthless pieces of yellow glass Spells and supernatural/magical abilities: Name Level Category Fail Memory W - pray for help -- divine ? -- Your skills at the end: Fighting Skills bare handed combat [Basic] Weapon Skills club [Basic] sling [Basic] Spellcasting Skills Final Attributes: You were piously aligned. You were telepathic. You are dead. Vanquished creatures: a rock piercer a rock mole a floating eye a homunculus 4 hill orcs 2 dwarf zombies an acid blob a gas spore a hobbit a hobgoblin a yellow mold a green mold 2 gnomes a gnome zombie 2 geckos a jackal 3 foxes a kobold 4 goblins 2 grid bugs a bat 2 lichens 2 kobold zombies a newt 38 creatures vanquished. Voluntary challenges: You used a wielded weapon 35 times, starting on turn 32. You read items or engraved 2 times, starting on turn 1548. You never genocided any monsters. You never polymorphed an object. You never changed form. You used no wishes. You never split a pudding. You never wrote Elbereth's name. You never violated your personal moral code. Dungeon overview: The Dungeons of Doom: levels 1 to 5 Level 1 some fountains a long staircase Level 2 stairs to The Gnomish Mines Level 3 Level 4 Level 5 <- You were here a fountain The Gnomish Mines: Level 3 stairs to The Dungeons of Doom History has recorded: On T:1 you entered the Dungeons of Doom to retrieve the Amulet of Yendor! On T:426 you advanced to experience level 2. On T:496 you reached level 2 of The Dungeons of Doom. On T:858 you reached level 1 of The Gnomish Mines. On T:939 you reached level 3 of The Dungeons of Doom. On T:971 you advanced to experience level 3. On T:1208 you reached level 4 of The Dungeons of Doom. On T:1496 you reached level 5 of The Dungeons of Doom. On T:1541 you advanced to experience level 4. Score breakdown: Gold: 262 ( 8231 points) Experience: 4 levels ( 9649 points) Exploration: 5 levels ( 10.64%) ( 8846 points) Discoveries: 4 items ( 1.34%) ( 3469 points) Valuables value: (no points given unless you survive) Artifact value: 0 ( 0 points) Variety of kills: 24 monsters ( 6.30%) ( 7529 points) Turncount: 1974 turns ( 0 points) Survival: died (score multiplied by 80%) Total score: 30179 Latest messages: The hill orc just misses! Rem bites the hill orc. The hill orc is killed! Nowhere else around here can be automatically explored. The hill orc swings her curved sword. The hill orc hits! Rem bites the hill orc. The hill orc swings her curved sword. The hill orc hits! The hill orc wields a crude dagger! The hill orc is killed! You kill the hill orc! Rem eats a hill orc corpse. There are a few objects here. The hill orc wields a curved sword! You miss the hill orc. The hill orc swings her curved sword. The hill orc hits! You miss the hill orc. The hill orc swings her curved sword. The hill orc hits! You die... Final status: Goodbye engelson the Caveman, killed by a hill orc... You died in The Dungeons of Doom on dungeon level 5 with 30179 points, and 262 pieces of gold, after 1974 moves. You were level 4 with a maximum of 32 hit points when you died.